 Dungeon Crawl Stone Soup version 0.31-a0-177-g4aa6249778 (webtiles) character file.

Game seed: 12738353067463496146

572 qw the Chopper (level 7, -1/43 HPs)
             Began as a Gargoyle Fighter on June 18, 2023.
             Slain by Prince Ribbit (9 damage)
             ... on level 5 of the Dungeon.
             The game lasted 00:02:21 (4228 turns).

qw the Chopper (Gargoyle Fighter)                   Turns: 4228, Time: 00:02:22

Health: -1/43      AC: 15    Str: 22    XL:     7   Next: 34%
Magic:  7/7        EV:  8    Int:  8    God:
Gold:   215        SH:  4    Dex:  9    Spells: 6/6 levels left

rFire   . . .        Y - +1 war axe
rCold   . . .        c - +0 buckler
rNeg    + . .        i - +0 chain mail
rPois   inf          (no helmet)
rElec   +            (no cloak)
rCorr   .            (no gloves)
SInv    +            g - +0 pair of boots
Will    .....        j - amulet of faith Stlth
                     p - ring of see invisible
HPRegen 0.27/turn    (no ring)
MPRegen 0.10/turn

%: faith
@: no status effects
A: sickness immunity, AC +4, negative energy resistance 1, electricity
resistance, torment resistance 1, petrification resistance
a: no special abilities


You were on level 5 of the Dungeon.
You visited 1 branch of the dungeon, and saw 5 of its levels.

You collected 235 gold pieces.
You spent 20 gold pieces at shops.


Innate Abilities, Weirdness & Mutations

You are immune to sickness and miasma.
Your stone body is resilient. (AC +4)
You are immune to poison.
You resist negative energy. (rN+)
You are resistant to electric shocks. (rElec)
You are resistant to unholy torment.
You are immune to petrification.


   Skills:
 - Level 4.0 Fighting
 + Level 6.7 Axes
 - Level 3.2 Armour
 - Level 1.1 Dodging
 - Level 3.2 Shields


You had 6 spell levels left.
You didn't know any spells.
Your spell library was empty.

Inventory:

Hand Weapons
 b - a +1 flail of protection
 Y - a +1 war axe (weapon)
Armour
 c - a +0 buckler (worn)
 g - a +0 pair of boots (worn)
 i - a +0 chain mail (worn)
Jewellery
 j - an amulet of faith (around neck)
 p - a ring of see invisible (left hand)
Scrolls
 k - 3 scrolls of identify
Potions
 a - a potion of degeneration {unknown}
 d - a potion of might
 h - a potion of curing
 l - 3 potions of haste
 m - a potion of enlightenment

Dungeon Overview and Level Annotations

Branches:
Dungeon (5/15)
 Temple: D:4-7

Altars:
Ashenzari
Elyvilon
Kikubaaqudgha
Ru
Uskayaw

Shops:
D:1 [*[(

Annotations:
D:5 Prince Ribbit


Message History

You feel much better.
Prince Ribbit hits you but does no damage.
You closely miss Prince Ribbit.
Prince Ribbit is severely wounded.
Prince Ribbit barely misses you.
Prince Ribbit hits you but does no damage.
You closely miss Prince Ribbit.
Prince Ribbit is severely wounded.
Prince Ribbit hits you.
Prince Ribbit hits you but does no damage.
You closely miss Prince Ribbit.
Prince Ribbit is severely wounded.
Prince Ribbit hits you.
Prince Ribbit blinks!
You start resting.
Prince Ribbit is nearby!
Prince Ribbit blinks!
You hit Prince Ribbit.
Prince Ribbit is severely wounded.
Prince Ribbit closely misses you.
Prince Ribbit blinks!
You start resting.
Prince Ribbit is nearby!
You closely miss Prince Ribbit.
Prince Ribbit is severely wounded.
Prince Ribbit hits you.
Prince Ribbit hits you but does no damage.
You hit Prince Ribbit.
Prince Ribbit is severely wounded.
Prince Ribbit hits you but does no damage.
Prince Ribbit hits you!
You slash Prince Ribbit!
Prince Ribbit is almost dead.
Prince Ribbit hits you but does no damage.
You closely miss Prince Ribbit.
Prince Ribbit is almost dead.
Prince Ribbit closely misses you.
Prince Ribbit hits you but does no damage.
You closely miss Prince Ribbit.
Prince Ribbit is almost dead.
Prince Ribbit hits you!
You die...

........#.#...............
........#.#...............
.......#.#...............
#.#...............
#.#...........
#.#..#######+# #.#..#
#.#..# #@#..# #.F...+
###..## ..# .# .# #


You could see Prince Ribbit.

Vanquished Creatures
  Blork the orc (D:5)
  A scorpion (D:5)
  3 hounds (D:5)
  A jelly (D:5)
  An orc wizard (D:4)
  9 gnolls
  9 adders
  An ufetubus (D:5)
  9 worms
  2 dart slugs
  8 orcs (D:4)
  11 ball pythons
  6 bats
  6 endoplasms
  6 giant cockroaches
  3 goblins
  7 hobgoblins
  3 jackals (D:1)
  6 kobolds
  A quokka (D:4)
  5 rats
99 creatures vanquished.

Notes
Turn   | Place    | Note
-------+----------+-------------------------------------------
     0 | D:1      | qw the Gargoyle Fighter began the quest for the Orb.
     0 | D:1      | Reached XP level 1. HP: 14/14 MP: 1/1
     0 | D:1      | 0 ||| qw: Version: 0.3-a-7-ge0c9b40
     0 | D:1      | 0 ||| qw: Game counter: 771
     0 | D:1      | 0 ||| qw: Always use a shield: true
     0 | D:1      | 0 ||| qw: God list: Okawaru
     0 | D:1      | 0 ||| qw: Allow faded altars: false
     0 | D:1      | 0 ||| qw: Do Orc after D:15 true
     0 | D:1      | 0 ||| qw: Do second Lair branch before Depths: true
     0 | D:1      | 0 ||| qw: Lair rune preference: random
     0 | D:1      | 0 ||| qw: Plans: Normal, Zot:1-4, Slime:5, God:TSO, Crypt,
                  | Tomb, Abyss, Pan, Hells, Win
     0 | D:1      | 0 ||| PLANNING D:1-11
    84 | D:1      | Reached skill level 2 in Axes
   115 | D:1      | Reached XP level 2. HP: 16/19 MP: 2/2
   236 | D:1      | Found Mungio's Assorted Antiques.
   249 | D:1      | 249 ||| BUYING amethyst potion (20 gold).
   249 | D:1      | Bought an amethyst potion for 20 gold pieces
   249 | D:1      | 249 ||| SHOPLISTING bubbling pink potion (20 gold, have 4).
   249 | D:1      | 249 ||| SHOPLISTING forked bone wand (92 gold, have 4).
   249 | D:1      | 249 ||| SHOPLISTING glowing mace (138 gold, have 4).
   249 | D:1      | 249 ||| SHOPLISTING orange potion (20 gold, have 4).
   249 | D:1      | 249 ||| SHOPLISTING pink potion (20 gold, have 4).
   249 | D:1      | 249 ||| SHOPLISTING scroll labelled CUYDIQ HOJI (23 gold,
                  | have 4).
   249 | D:1      | 249 ||| SHOPLISTING scroll labelled JIKYTHR LOETIF (23
                  | gold, have 4).
   249 | D:1      | 249 ||| SHOPLISTING scroll labelled NOAMMO COYBEGG (23
                  | gold, have 4).
   249 | D:1      | 249 ||| SHOPLISTING scroll labelled NOISCHI DEOWK (23 gold,
                  | have 4).
   325 | D:1      | Reached skill level 3 in Axes
   342 | D:1      | 342 ||| FLEEEEING.
   343 | D:1      | 343 ||| FLEEEEING.
   344 | D:1      | 344 ||| FLEEEEING.
   419 | D:1      | Found Woeweid's Weapon Shoppe.
   424 | D:1      | 424 ||| SHOPLISTING +0 flail (35 gold, have 26).
   424 | D:1      | 424 ||| SHOPLISTING +0 mace (30 gold, have 26).
   424 | D:1      | 424 ||| SHOPLISTING +0 mace of protection (56 gold, have
                  | 26).
   430 | D:1      | Found Ditinte's Antique Armour Shoppe.
   436 | D:1      | 436 ||| SHOPLISTING chain mail (139 gold, have 26).
   436 | D:1      | 436 ||| SHOPLISTING glowing helmet (232 gold, have 26).
   683 | D:1      | Found Joewn's Armour Emporium.
   692 | D:1      | 692 ||| SHOPLISTING +0 chain mail of Dakael {Harm rPois}
                  | (157 gold, have 37).
   692 | D:1      | 692 ||| SHOPLISTING +0 cloak (45 gold, have 37).
   692 | D:1      | 692 ||| SHOPLISTING +2 hat (160 gold, have 37).
   825 | D:1      | Found a faded altar of an unknown god.
  1004 | D:1      | 1004 ||| Stepping ~*~*~tactically~*~*~ (hiding).
  1026 | D:1      | 1026 ||| DROPPING +0 club.
  1102 | D:1      | 1102 ||| UPGRADING to +0 pair of boots.
  1107 | D:1      | 1107 ||| READING scroll labelled URAGEONUIFF.
  1108 | D:1      | 1108 ||| READING 2 scrolls labelled JIKYTHR LOETIF.
  1109 | D:1      | 1109 ||| DRINKING 2 white potions.
  1110 | D:1      | 1110 ||| DRINKING 2 sedimented dark potions.
  1133 | D:2      | Reached XP level 3. HP: 23/23 MP: 3/3
  1151 | D:2      | Found a sacrificial altar of Ru.
  1296 | D:2      | 1296 ||| Stepping ~*~*~tactically~*~*~ (hiding).
  1349 | D:2      | HP: 5/23 [gnoll/+0 spear (3)]
  1349 | D:2      | HP: 1/23 [gnoll/+0 spear (4)]
  1350 | D:2      | 1350 ||| DRINKING potion of heal wounds.
  1354 | D:2      | Reached XP level 4. HP: 21/28 MP: 4/4
  1365 | D:2      | Reached skill level 4 in Axes
  1430 | D:2      | 1430 ||| Stepping ~*~*~tactically~*~*~ (hiding).
  1450 | D:2      | Reached XP level 5. HP: 19/32 MP: 5/5
  1523 | D:2      | 1523 ||| Stepping ~*~*~tactically~*~*~ (stealth).
  2152 | D:2      | 2152 ||| UPGRADING to +0 chain mail.
  2162 | D:2      | 2162 ||| DROPPING +0 scale mail.
  2163 | D:2      | 2163 ||| UPGRADING to amulet of faith.
  2168 | D:2      | 2168 ||| READING scroll labelled CUYDIQ HOJI.
  2169 | D:2      | 2169 ||| READING scroll labelled UGUBUI POCUJO.
  2170 | D:2      | 2170 ||| DRINKING 2 amethyst potions.
  2171 | D:2      | 2171 ||| DRINKING 2 pink potions.
  2211 | D:3      | Reached skill level 5 in Axes
  2214 | D:3      | 2214 ||| Stepping ~*~*~tactically~*~*~ (stealth).
  2379 | D:3      | Found a white marble altar of Elyvilon.
  2612 | D:3      | 2612 ||| Stepping ~*~*~tactically~*~*~ (stealth).
  2613 | D:3      | 2613 ||| Stepping ~*~*~tactically~*~*~ (stealth).
  2677 | D:3      | 2677 ||| Stepping ~*~*~tactically~*~*~ (stealth).
  2691 | D:3      | Found an ancient bone altar of Kikubaaqudgha.
  2842 | D:3      | 2842 ||| DROPPING +3 scale mail.
  2843 | D:3      | 2843 ||| UPGRADING to ring of see invisible.
  2844 | D:3      | 2844 ||| READING scroll labelled MURHAL TATTE.
  2845 | D:3      | 2845 ||| DRINKING 2 viscous brown potions.
  2846 | D:3      | 2846 ||| DROPPING potion of brilliance.
  2908 | D:4      | Found a hide-covered altar of Uskayaw.
  2997 | D:4      | Reached XP level 6. HP: 29/38 MP: 6/6
  3044 | D:4      | 3044 ||| FLEEEEING.
  3045 | D:4      | 3045 ||| FLEEEEING.
  3046 | D:4      | 3046 ||| FLEEEEING.
  3047 | D:4      | 3047 ||| FLEEEEING.
  3048 | D:4      | 3048 ||| FLEEEEING.
  3049 | D:4      | 3049 ||| FLEEEEING.
  3050 | D:4      | 3050 ||| FLEEEEING.
  3051 | D:4      | 3051 ||| FLEEEEING.
  3053 | D:4      | 3053 ||| FLEEEEING.
  3054 | D:4      | 3054 ||| FLEEEEING.
  3055 | D:4      | 3055 ||| FLEEEEING.
  3056 | D:4      | 3056 ||| FLEEEEING.
  3084 | D:4      | 3084 ||| DROPPING +0 flail.
  3085 | D:4      | 3085 ||| DROPPING +0 mace.
  3171 | D:4      | Identified the +0 robe of the Turtledove {-Cast rF+ Slay+2}
  3269 | D:4      | 3269 ||| Stepping ~*~*~tactically~*~*~ (hiding).
  3270 | D:4      | 3270 ||| Stepping ~*~*~tactically~*~*~ (hiding).
  3593 | D:4      | 3593 ||| DRINKING 3 potions of curing.
  3593 | D:4      | 3593 ||| (to cure confusion)
  3594 | D:4      | 3594 ||| Stepping ~*~*~tactically~*~*~ (stealth).
  3596 | D:4      | 3596 ||| Stepping ~*~*~tactically~*~*~ (hiding).
  3610 | D:4      | 3610 ||| DRINKING 2 potions of curing.
  3610 | D:4      | 3610 ||| (to cure confusion)
  3787 | D:4      | 3787 ||| READING scroll labelled SYEW HOACIBUO.
  3788 | D:4      | 3788 ||| READING scroll labelled IMAAHA LEVEE.
  3789 | D:4      | 3789 ||| READING 4 scrolls of identify.
  3789 | D:4      | 3789 ||| IDENTIFYING bubbling pink potion
  3790 | D:4      | 3790 ||| DROPPING potion of invisibility.
  3795 | D:5      | Entered Level 5 of the Dungeon
  3856 | D:5      | 3856 ||| Stepping ~*~*~tactically~*~*~ (stealth).
  3859 | D:5      | 3859 ||| Stepping ~*~*~tactically~*~*~ (stealth).
  3861 | D:5      | 3861 ||| Stepping ~*~*~tactically~*~*~ (stealth).
  3879 | D:5      | Noticed Blork the orc
  3880 | D:5      | 3880 ||| Stepping ~*~*~tactically~*~*~ (hiding).
  3883 | D:5      | 3883 ||| Stepping ~*~*~tactically~*~*~ (hiding).
  3890 | D:5      | Killed Blork the orc
  3891 | D:5      | Reached skill level 6 in Axes
  3896 | D:5      | Reached XP level 7. HP: 34/43 MP: 7/7
  3947 | D:5      | Found a broken altar of Ashenzari.
  3973 | D:5      | Reached skill level 1 in Dodging
  4182 | D:5      | Noticed Prince Ribbit
  4196 | D:5      | HP: 1/43 [Prince Ribbit (12)]
  4197 | D:5      | 4197 ||| DRINKING 2 potions of heal wounds.
  4213 | D:5      | HP: 6/43 [Prince Ribbit (5)]
  4214 | D:5      | 4214 ||| DRINKING potion of heal wounds.
  4225 | D:5      | HP: 7/43 [Prince Ribbit (11)]
  4228 | D:5      | Slain by Prince Ribbit

Levels and vault maps discovered:
D:1:      nicolae_arrival_somewhat_less_tricky_arrival, layout_basic,
          serial_shops, shop, shop, nicolae_shop_rolling_square,
          nicolae_square_shop, ebering_ecumenical_altar_rust
D:2:      layout_basic, basic_altar
D:3:      layout_rooms, kiku_gazebo_garden_becter, mainiacjoe_overflow_alcove_4,
          nicolae_wormholes
D:4:      layout_basic, nicolae_uskayaw_murder_on_the_dancefloor
D:5:      layout_basic, lemuel_crystal_altar,
          mainiacjoe_overflow_small_starburst, amcnicky_altar_gilded,
          uniq_grinder, uniq_prince_ribbit1, uniq_blork_the_orc

Skill      XL: |  1  2  3  4  5  6  7 |
---------------+----------------------+-----
Axes           | 2 3 4 5 6 |  6.7
Fighting       | 4 |  4.0
Dodging        | 1 |  1.1
Armour         | |  3.2
Shields        | |  3.2

Action                     |  1- 3 |  4- 6 |  7- 9 || total
---------------------------+-------+-------+-------++-------
  Melee: War axe           |    84 |   228 |    68 ||   380
    Use: Potion            |     3 |     5 |     2 ||    10
         Scroll            |     2 |     6 |       ||     8
 Armour: Scale mail        |    49 |    20 |       ||    69
         Chain mail        |       |    91 |    42 ||   133
  Dodge: Dodged            |    36 |    79 |    27 ||   142
  Block: Buckler           |    16 |    34 |     6 ||    56

Table legend:
 A = Non-vault XP
 B = Vault XP
 C = Vault XP percentage of total XP
 D = Non-vault monster count
 E = Vault monster count
 F = Vault count percentage of total count
                 A         B        C        D         E       F
            +---------+---------+-------+---------+---------+-------
      Total |     698 |     120 |  14.7 |      93 |       6 |   6.1
            +---------+---------+-------+---------+---------+-------
        D:1 |      33 |       0 |   0.0 |      18 |       0 |   0.0
        D:2 |     183 |       0 |   0.0 |      32 |       0 |   0.0
        D:3 |      59 |      20 |  25.3 |      13 |       4 |  23.5
        D:4 |     122 |       0 |   0.0 |      22 |       0 |   0.0
        D:5 |     301 |     100 |  24.9 |       8 |       2 |  20.0
            +---------+---------+-------+---------+---------+-------
